Unix NetHack Version 5.0.0-0 post-release - last build May 17 2026 04:57:42 (dc50c8380fa5e20985bfe3072449f57b8d9895ef,branch:main).

Game began 2026-05-18 18:25:08, ended 2026-05-18 18:32:12.

Koku, neutral female gnomish Wizard

             ------                                         -----
            #...>.|                                         |:..|
            #|.....#                                        |.kx|
            #------#                                     ----.Y.|
            #      #                                     |o..Fr.|
            #      #                                     |f:od.F|
           ##      #                                 ####-d.M@.:|
           #       #              ---------------- ###   -.------
  ---------#       #              |........%......#####
  |.....{..#       #-----        #-..............|
  |.......|        #....|     ####|..............|
  |.......|        #|....######   ----------------
  |...<....       ##|...|
  ---------         -----

Koku the Evoker           St:8 Dx:17 Co:15 In:17 Wi:11 Ch:7  Neutral
Dlvl:2  $:30 HP:0(11) Pw:8(8) AC:7  Xp:1 T:491 

Latest messages:
 You see here a pair of combat boots.
 j - a pair of combat boots.
 What do you want to wear? [j or ?*] j
 You finish your dressing maneuver.
 You walk very quietly.
 This door is locked.
 This door is locked.
 This door is locked.
 This door is locked.
 This door is locked.
 In what direction? 6
 As you kick the door, it crashes open!
 You kill the newt!
 You stop.  Tulip is in the way!
 You see here an iron wand.
 k - an iron wand.
 You swap places with Tulip.
 You swap places with Tulip.
 You swap places with Tulip.
 You see here 13 gold pieces.
 $ - 13 gold pieces (30 in total).
 You stop.  Tulip is in the way!
 You stop.  Tulip is in the way!
 You swap places with Tulip.
 The newt bites!
 You kill the newt!
 You see here a tinning kit.
 s - a tinning kit.
 You swap places with Tulip.
 You see here a mace.
 t - a mace.
 A cloud of gas puts you to sleep!
 You wake up.
 u - a blindfold.
 The door opens.
 You see here a statue of a jackal.
 What do you want to call this dungeon level? statue garden
 You see here a statue of a jackal.
 You see here a statue of a human mummy.
 The statue moves!
 You hit the human mummy!
 The human mummy hits!
 The human mummy hits again!
 You die...
 Do you want your possessions identified? [ynq] (y) y
 Do you want to see your attributes? [ynq] (y) y
 Do you want an account of creatures vanquished? [ynaq] (y) y
 Do you want a list of species genocided? [ynq] (y) y
 Do you want to see your conduct? [ynq] (y) y
 Do you want to see the dungeon overview? [ynq] (y) y

Inventory:
 Coins    ('$')
  $ - 30 gold pieces
 Weapons  (')')
  t - a +0 mace
  a - a blessed +2 quarterstaff (weapon in hands)
 Armor    ('[')
  j - an uncursed +0 pair of elven boots (being worn)
  q - an uncursed +2 Uruk-hai shield
  b - an uncursed +1 cloak of magic resistance (being worn)
 Comestibles  ('%')
  i - an uncursed food ration
  r - an uncursed fortune cookie
 Spellbooks  ('+')
  l - a blessed spellbook of force bolt
  m - an uncursed spellbook of slow monster
  p - an uncursed spellbook of turn undead
 Potions  ('!')
  o - an uncursed potion of gain level
  h - an uncursed potion of healing
  f - a blessed potion of sleeping
  g - an uncursed potion of water
 Rings    ('=')
  d - an uncursed ring of free action
  e - an uncursed ring of warning
 Wands    ('/')
  c - a wand of make invisible (0:6)
  k - a wand of opening (0:7)
 Tools    ('(')
  u - a cursed blindfold
  n - a magic marker (0:19)
  s - a tinning kit (0:77)

Koku the Wizard's attributes:

Background:
 You were an Evoker, a level 1 female gnomish Wizard.
 You were neutral, on a mission for Thoth
 who was opposed by Ptah (lawful) and Anhur (chaotic).
 You were left-handed.
 You were in the Dungeons of Doom, on level 2.
 You entered the dungeon 491 turns ago.
 There was a new moon in effect when your adventure ended.
 You had 18 experience points, 2 more were needed to attain level 2.

Basics:
 You had 0 out of 11 hit points.
 You had all 8 energy points (spell power).
 Your armor class was 7.
 Your wallet contained 30 zorkmids.
 Autopickup was off.

Final Characteristics:
 Your strength was 8 (limit:18/50).
 Your dexterity was 17 (limit:18).
 Your constitution was 15 (limit:18).
 Your intelligence was 17 (limit:19).
 Your wisdom was 11 (limit:18).
 Your charisma was 7 (limit:18).

Final Status:
 You weren't hungry.
 You were unencumbered.
 You were wielding a quarterstaff.
 You had basic skill with quarterstaff.

Final Attributes:
 You were stridently aligned.
 You were magic-protected.
 You had infravision.
 You were stealthy.
 You were warded.
 You are dead.

Miscellaneous:
 You didn't encounter any bones levels.
 Total elapsed playing time was 5 minutes and 59 seconds.

Major events:
 Turn
    1: Koku the neutral female gnomish Wizard entered the dungeon
  192: performed her first genocide (large mimics)
  491: killed by a human mummy

Spells:
 Name                 Level Category     Fail Retention
 force bolt             1   attack         0%  91%-100%
 slow monster           2   enchantment    0%  91%-100%
 turn undead            6   clerical      98%  76%-100%

Skills:
 Fighting Skills
   bare handed combat [Unskilled]
   riding             [Unskilled]
 Weapon Skills
   dagger             [Unskilled]
   knife              [Unskilled]
   axe                [Unskilled]
   short sword        [Unskilled]
   club               [Unskilled]
   mace               [Unskilled]
   quarterstaff       [Basic]
   polearms           [Unskilled]
   spear              [Unskilled]
   trident            [Unskilled]
   sling              [Unskilled]
   dart               [Unskilled]
   shuriken           [Unskilled]
 Spellcasting Skills
   attack spells      [Basic]
   healing spells     [Unskilled]
   divination spells  [Unskilled]
   enchantment spells [Basic]
   clerical spells    [Unskilled]
   escape spells      [Unskilled]
   matter spells      [Unskilled]

Voluntary challenges:
 Character rerolling was not enabled.
 You were an atheist.
 You genocided 1 type of monster.
 You never polymorphed an object.
 You never changed form.
 You used no wishes.

 The Dungeons of Doom: levels 1 to 2
    Level 1:
       A sink.
    Level 2: "statue garden" <- You were here.
       A fountain.
       Final resting place for
          you, killed by a human mummy.


Vanquished creatures:
  3 jackals
  2 kobolds
  3 sewer rats
  2 grid bugs
  a lichen
  3 newts
14 creatures vanquished.

Genocided species:
 large mimics
1 species genocided.

Game over:
                       ----------
                      /          \
                     /    REST    \
                    /      IN      \
                   /     PEACE      \
                  /                  \
                  |       Koku       |
                  |      30 Au       |
                  |   killed by a    |
                  |   human mummy    |
                  |                  |
                  |                  |
                  |       2026       |
                 *|     *  *  *      | *
        _________)/\\_//(\/(/\)/\//\/|_)_______

Goodbye Koku the Wizard...

You died in The Dungeons of Doom on dungeon level 2 with 149 points,
and 30 pieces of gold, after 491 moves.
You were level 1 with a maximum of 11 hit points when you died.

